 Dungeon Crawl Stone Soup version 0.28.0-43-g3370ac3207 (webtiles) character file.

Game seed: 7609248002811420815

58 CryoSword the Ruffian (level 3, -2/33 HPs)
             Began as a Troll Transmuter on Mar 20, 2022.
             Slain by Sigmund
             ... wielding a +0 scythe
              (13 damage)
             ... on level 2 of the Dungeon.
             The game lasted 00:01:46 (1471 turns).

CryoSword the Ruffian (Troll Transmuter)            Turns: 1471, Time: 00:01:47

Health: -2/33      AC:  4    Str: 18    XL:     3   Next: 75%
Magic:  3/3        EV: 10    Int: 11    God:
Gold:   38         SH:  0    Dex: 10    Spells: 3/4 levels left

rFire   . . .      SeeInvis .     - Unarmed
rCold   . . .      Faith    .   (no shield)
rNeg    . . .      Spirit   .   a - +0 robe
rPois   .          Reflect  .   (helmet restricted)
rElec   .          Harm     .   (no cloak)
rCorr   .          Rampage  .   (gloves unavailable)
Will    .....                   (boots unavailable)
Stlth   +.........              (no amulet)
HPRegen 0.91/turn               (no ring)
MPRegen 0.08/turn               (no ring)

@: no status effects
A: large, unfitting armour, claws 3, regeneration 1, shaggy fur 1, tough skin 1
a: no special abilities


You were on level 2 of the Dungeon.
You visited 1 branch of the dungeon, and saw 2 of its levels.

You collected 38 gold pieces.

Inventory:

Missiles
 g - 6 boomerangs
Armour
 a - a +0 robe (worn)
Scrolls
 c - 2 scrolls of identify {unknown}
 e - a scroll of summoning {unknown}
 f - a scroll of magic mapping {unknown}
 h - 2 scrolls of fear {unknown}
 i - a scroll of enchant armour {unknown}
 j - a scroll of torment {unknown}
Potions
 b - 3 potions of curing {unknown}
 d - a potion of attraction {unknown}


   Skills:
 + Level 1.4 Fighting
 + Level 2.0 Dodging
 * Level 3.7 Unarmed Combat
 - Level 1.2 Spellcasting
 + Level 1.8 Transmutations


You had 3 spell levels left.
You knew the following spells:

 Your Spells              Type           Power      Damage    Failure   Level
a - Beastly Appendage     Tmut           8%         N/A       16%         1

Your spell library contained the following spells:

 Spells                   Type           Power      Damage    Failure   Level
 Wereblood                Tmut           4%         N/A       22%         2
 Passwall                 Tmut/Erth      1%         N/A       32%         2
 Ensorcelled Hibernation  Hex/Ice        0%         N/A       43%         2
 Scorch                   Fire           0%         2d5       43%         2
 Spider Form              Tmut/Pois      2%         N/A       54%         3
 Swiftness                Air            0%         N/A       67%         3
 Ice Form                 Ice/Tmut       2%         N/A       91%         4
 Flame Wave               Conj/Fire      0%         2d4       97%         4
 Summon Cactus Giant      Summ           0%         N/A       100%        6


Dungeon Overview and Level Annotations

Branches:
Dungeon (2/15)

Altars:

Annotations:
D:2 Sigmund


Innate Abilities, Weirdness & Mutations

You are too large for most types of armour.
You have claws for hands.
Your natural rate of healing is unusually fast.
You are covered in fur. (AC +1)
You have tough skin. (AC +1)


Message History

The jackal moves out of view.
Sigmund and a jackal come into view.
Sigmund shouts!
The jackal barks!
A frilled lizard comes into view.
The jackal barely misses you.
Sigmund laughs darkly.
You barely miss the jackal.
The frilled lizard hisses angrily.
You claw the jackal, but do no damage. The jackal bites you.
The jackal misses you.
Sigmund mumbles some strange words.
Sigmund flickers and vanishes!
Deactivating autopickup; reactivate with Ctrl-A.
The jackal closely misses you.
Your horns disappear.
Your talons disappear.
A hobgoblin comes into view.
The jackal barely misses you. The jackal barely misses you.
You see here a rat corpse.
The jackal closely misses you.
There is a stone staircase leading up here.
The jackal bites you. The jackal closely misses you. x2
You climb upwards.
Reactivating autopickup.
There is a stone staircase leading down here.
You scratch the jackal. The jackal closely misses you. x2
You claw the jackal!
You kill the jackal!
The jackal bites you but does no damage.
The jackal closely misses you.
You barely miss the jackal. The jackal bites you.
You completely miss the jackal. The jackal closely misses you.
You claw the jackal!
You kill the jackal!
No target in view!
There is a stone staircase leading down here.
You climb downwards.
Level annotation: Sigmund
There is a stone staircase leading up here.
A rat comes into view.
A rat is nearby!
A rat is nearby!
A rat is nearby!
You claw the rat!
You kill the rat!
No target in view!
No target in view!
You now have 27 gold pieces (gained 10).
You now have 38 gold pieces (gained 11).
h - 2 scrolls labelled KIYMEI KIHICK (gained 1)
A bat comes into view.
A bat is nearby!
The helpless bat fails to defend itself.
You scratch the bat.
You kill the bat!
No target in view!
No target in view!
Could not explore, unopened door.
Could not explore, unopened door.
No target in view!
As you open the door, it creaks loudly!
An endoplasm comes into view.
The endoplasm quivers.
Found a faded altar of an unknown god.
An endoplasm is nearby!
An endoplasm is nearby!
There is an open door here.
The endoplasm hits you but does no damage.
You claw the endoplasm!
You kill the endoplasm!
No target in view!
No target in view!
Could not explore, unopened door.
Could not explore, unopened door.
You open the door.
There is an open door here.
Could not explore, unopened door.
You open the door.
A kobold comes into view.
It is wielding a +2 short sword of electrocution.
A kobold is nearby!
A kobold is nearby!
The kobold shouts!
There is an open door here.
You closely miss the kobold.
You scratch the kobold but do no damage.
The kobold hits you with a +2 short sword of electrocution.
You barely miss the kobold.
The kobold hits you with a +2 short sword of electrocution.
You scratch the kobold.
The kobold hits you with a +2 short sword of electrocution.
You scratch the kobold but do no damage.
The kobold hits you with a +2 short sword of electrocution.
You are too injured to fight recklessly!
You are too injured to fight recklessly!
You scratch the kobold.
You kill the kobold!
Things that are here:
a +2 short sword of electrocution; 3 stones A frilled lizard is nearby!
A frilled lizard is nearby!
A frilled lizard is nearby!
The frilled lizard hisses angrily.
The jackal barks!
You hear a shout!
A quokka comes into view.
You claw the frilled lizard!
You kill the frilled lizard!
Sigmund casts a spell at you.
You are confused.
You bump into the rock wall.
The jackal closely misses you.
You bump into the rock wall.
The jackal barely misses you.
You bump into the rock wall.
The jackal bites you. The jackal misses you.
You bump into the rock wall.
The jackal closely misses you.
Sigmund hits you from afar with a +0 scythe.
The jackal barely misses you.
The jackal bites you but does no damage.
Sigmund flickers, as though insubstantial.
Sigmund closely misses you. The jackal closely misses you.
You feel less confused.
The hobgoblin shouts!
Sigmund casts a spell.
Sigmund flickers and vanishes!
Deactivating autopickup; reactivate with Ctrl-A.
The jackal misses you. The jackal completely misses you.
The jackal completely misses you.
Things that are here:
a +2 short sword of electrocution; 3 stones The jackal bites you.
You scratch the jackal. The jackal closely misses you.
You claw the jackal!
You kill the jackal!
You closely miss the quokka. The quokka bites you.
The quokka barely misses you.
You closely miss the quokka. The quokka barely misses you.
You scratch the quokka.
You kill the quokka!
You claw the hobgoblin!
You kill the hobgoblin!
Something hits you!
Items here: $ ( ) †††.
You barely miss something. Something hits you.
* * * LOW HITPOINT WARNING * * *
You closely miss something. You barely miss something.
Something completely misses you.
You claw something! Something hits you!
* * * LOW HITPOINT WARNING * * *
You barely miss something. You miss something.
Something hits you but does no damage.
You scratch something. Something hits you!
You die...

# #.#.........#.# #.
#.†{........
#.###.##.###....
#...###.# ...# ##.##
#g# #.# #.########
#....{@.'### ###+
#########..###..##.#
#.......##.###
##.....##....#
#.._.8# #.#.#
##.....###.#.##
#.......#......
##..###..#..#.##
#'#######'......


There were no monsters in sight!

Vanquished Creatures
  5 dart slugs (D:1)
  3 bats (D:2)
  5 endoplasms
  4 giant cockroaches (D:1)
  4 hobgoblins
  3 jackals
  4 quokkas
  A ball python (D:1)
  3 frilled lizards
  A goblin (D:1)
  3 kobolds
  9 rats
45 creatures vanquished.

Notes
Turn   | Place    | Note
-------+----------+-------------------------------------------
     0 | D:1      | CryoSword the Troll Transmuter began the quest for the Orb.
     0 | D:1      | Reached XP level 1. HP: 18/18 MP: 1/1
   125 | D:1      | Reached skill level 1 in Fighting
   159 | D:1      | Reached XP level 2. HP: 27/27 MP: 2/2
   438 | D:1      | Reached XP level 3. HP: 33/33 MP: 1/3
  1301 | D:2      | Noticed Sigmund
  1388 | D:2      | Found a faded altar of an unknown god.
  1471 | D:2      | Slain by Sigmund

Illustrated notes

Levels and vault maps discovered:
D:1:      doesnt_arrival_eight_statues, layout_basic, hangedman_glass_teeth,
          hangedman_decor_push
D:2:      layout_loops_ring, hellmonk_ecumenical_altar_slurped_away,
          uniq_sigmund

Skill      XL: |  1  2  3 |
---------------+----------+-----
Fighting       | 1 |  1.4
Dodging        | 2 |  2.0
Unarmed Combat | |  3.7
Spellcasting   | |  1.2
Transmutations | |  1.8

Action                   || total
-------------------------++-------
Melee: Unarmed           ||   105
       Punch             ||     1
       Kick              ||     4
       Headbutt          ||     2
 Cast: Beastly Appendage ||    10
 Stab: Sleeping          ||     1
Armor: Robe              ||    25
Dodge: Dodged            ||    57
